 Dungeon Crawl Stone Soup version 0.23.2-1-ga50397a (webtiles) character file.

Game seed: 7454111783037942952

2941 Labyrinth the Archer (level 9, -9/72 HPs)
             Began as a Centaur Arcane Marksman on May 20, 2019.
             Was a Priest of Dithmenos.
             Killed from afar by Erica (18 damage)
             ... with an orb of energy
             ... on level 8 of the Dungeon.
             The game lasted 01:21:34 (8546 turns).

Labyrinth the Archer (Centaur Arcane Marksman)      Turns: 8546, Time: 01:21:34

Health: -9/72      AC: 19    Str: 14    XL:     9   Next: 51%
Magic:  0/10       EV:  3    Int: 13    God:    Dithmenos [***...]
Gold:   305        SH:  0    Dex: 16    Spells: 7/10 levels left

rFire    . . .     SeeInvis .   A - +4 quarterstaff (chaos)
rCold    . . .     Gourm    .   (shield currently unavailable)
rNeg     . . .     Faith    .   v - +3 chain mail {MR+}
rPois    +         Spirit   +   e - +0 helmet
rElec    .         Reflect  .   B - +0 cloak {+Inv}
rCorr    .         Harm     .   t - +0 pair of gloves
MR       +....                  c - +0 centaur barding
Stlth    ..........             l - amulet of guardian spirit
HPRegen  0.22/turn              q - ring of poison resistance
MPRegen  0.12/turn              O - +5 ring of dexterity

@: wreathed by umbra, very quick
A: large, hooves 3, deformed body, speed 2, tough skin 3
a: Shadow Step, Renounce Religion, Evoke Invisibility


You were on level 8 of the Dungeon.
You worshipped Dithmenos.
Dithmenos was most pleased with you.
You were not hungry.

You visited 2 branches of the dungeon, and saw 9 of its levels.
You also visited: Ossuary.

You collected 435 gold pieces.
You spent 130 gold pieces at shops.

Inventory:

Hand Weapons
 a - a +1 shortbow
 A - a +4 quarterstaff of chaos (weapon)
Missiles
 d - 99 arrows
 g - 276 stones
 x - a tomahawk of returning
 y - a tomahawk (quivered)
Armour
 c - a +0 centaur barding (worn)
 e - a +0 helmet (worn)
 t - a +0 pair of gloves (worn)
 v - a +3 chain mail of magic resistance (worn)
 B - a +0 cloak of invisibility (worn)
Magical Staves
 o - an uncursed staff of cold
 G - an uncursed staff of wizardry
Jewellery
 l - an amulet of guardian spirit (around neck)
 q - a ring of poison resistance (left hand)
 I - an uncursed ring of magical power
 O - a +5 ring of dexterity (right hand)
Wands
 i - a wand of digging (5)
 k - a wand of iceblast (9)
 p - a wand of acid (6)
 F - a wand of flame (9)
 M - a wand of paralysis (7)
Scrolls
 h - 4 scrolls of magic mapping
 j - a scroll of teleportation
 m - 7 scrolls of amnesia
 D - 2 scrolls of remove curse
 K - a scroll of immolation
Potions
 b - a potion of resistance
 r - 2 potions of brilliance
 z - a potion of mutation
 C - a potion of lignification
 E - a potion of flight
 H - 2 potions of berserk rage
 J - a potion of ambrosia
Comestibles
 f - 11 rations
 n - 3 chunks of flesh


   Skills:
 + Level 4.7 Fighting
   Level 0.1(3.0) Maces & Flails
   Level 1.1(3.3) Polearms
 + Level 5.0(5.1) Staves
 + Level 10.0 Bows
 + Level 2.6 Throwing
 + Level 4.1 Armour
 + Level 2.4 Dodging
 + Level 1.4 Stealth
 + Level 1.1 Spellcasting
 + Level 3.0 Hexes
 + Level 1.7 Evocations


You had 7 spell levels left.
You knew the following spells:

 Your Spells              Type           Power        Failure   Level  Hunger
a - Corona                Hex            #......      88%         1    ##.....
b - Slow                  Hex            #.......     95%         2    ###....

Your spell library contained the following spells:

 Spells                   Type           Power        Failure   Level  Hunger
 Beastly Appendage        Tmut           #.....       99%         1    ##.....
 Sticks to Snakes         Tmut           #.......     100%        2    ###....
 Inner Flame              Hex/Fire       #.......     100%        3    ####...
 Portal Projectile        Hex/Tloc       #.....       100%        3    ####...
 Spider Form              Tmut/Pois      #.........   100%        3    ####...
 Cause Fear               Hex            #.........   100%        4    #####..
 Ice Form                 Ice/Tmut       #.......     100%        4    #####..
 Leda's Liquefaction      Hex/Erth       #.........   100%        4    #####..
 Blade Hands              Tmut           #.........   100%        5    ######.


Dungeon Overview and Level Annotations

Branches:
Dungeon (8/15)             Temple (1/1) D:5
   Lair: D:8-11

Altars:
Ashenzari
Cheibriados
Dithmenos
Elyvilon
Fedhas
Gozag
Hepliaklqana
Kikubaaqudgha
Makhleb
Nemelex Xobeh
Okawaru
Qazlal
Ru
Sif Muna
Trog
Uskayaw
Vehumet
Wu Jian
Xom
Yredelemnul
Zin
The Shining One

Shops:
D:7 }

Annotations:
D:8 Erica


Innate Abilities, Weirdness & Mutations

You have hooves in place of feet.
Armour fits poorly on your strangely shaped body.
You cover ground very quickly.
You have extremely tough skin. (AC +3)


Message History

You sock Erica!
Erica is severely wounded.
Erica hits you with a +3 scimitar of flaming.
* * * LOW HITPOINT WARNING * * *
Erica burns you.
* * * LOW HITPOINT WARNING * * *
You hit Erica.
You sense a malignant aura.
You kick Erica.
Erica is almost dead.
Erica hits you with a +3 scimitar of flaming.
* * * LOW HITPOINT WARNING * * *
Erica burns you.
* * * LOW HITPOINT WARNING * * *
Okay, then.
Really quaff the potion of lignification?
Uppercase [Y]es or [N]o only, please.
Really quaff the potion of lignification?
Okay, then.
Erica casts a spell at you. The orb of energy hits you!!
You die...

#. ###.. .# ..... #.#
#..... #.#
#.....######.# # #
#............######.#
#.....#.##...##...#.####
###.. #.##......#.......
#. #@.....##...###.## #
##@.....###.# ##.##
.............###...#
.....................
.###......##..###...#
#.##.####..####.##
....#.# #..รท###.#
###....>...###....#
##.##.# ##.###


You could see Erica.

Vanquished Creatures
  A two-headed ogre (D:8)
  The ghost of MalarOregon the Poker, an amateur MfSk (D:5)
  2 ice beasts (D:8)
  A phantom (D:4)
  A black bear (D:6)
  An ogre (D:8)
  A wolf (D:7)
  2 elf zombies (Ossuary)
  4 bullfrogs
  An elf skeleton (D:7)
  A wight (D:5)
  4 howler monkeys
  A bullfrog zombie (D:5)
  3 crimson imps
  3 orc priests
  3 hounds
  An iguana (D:8)
  5 orc wizards
  Ijyb (D:3)
  Crazy Yiuf (D:3)
  2 human skeletons (D:7)
  Terence (D:3)
  2 big kobold zombies (Ossuary)
  4 mummies (Ossuary)
  4 gnolls (D:7)
  2 howler monkey skeletons
  4 adders
  2 shadow imps
  3 adder zombies
  An adder skeleton (D:4)
  3 dart slugs
  5 leopard geckos
  20 orcs
  5 giant cockroaches
  8 goblins
  6 hobgoblins
  8 jackals
  4 quokkas
  2 ball pythons
  8 bats
  3 frilled lizards
  2 gnoll zombies (Ossuary)
  2 goblin zombies (Ossuary)
  3 kobolds
  2 leopard gecko skeletons
  3 orc skeletons (D:7)
  An orc zombie (Ossuary)
  2 quokka skeletons
  2 rats (D:1)
  2 rat zombies (Ossuary)
154 creatures vanquished.

Notes
Turn   | Place    | Note
-------+----------+-------------------------------------------
     0 | D:1      | Labyrinth the Centaur Arcane Marksman began the quest for
                  | the Orb.
     0 | D:1      | Reached XP level 1. HP: 16/16 MP: 2/2
   188 | D:1      | Reached XP level 2. HP: 12/23 MP: 3/3
   371 | D:1      | Reached skill level 3 in Bows
   933 | D:2      | Reached XP level 3. HP: 25/28 MP: 2/4
  1131 | D:2      | Learned a level 2 spell: Slow
  1133 | D:2      | Learned a level 1 spell: Beastly Appendage
  1384 | D:2      | Reached skill level 4 in Bows
  1667 | D:3      | Noticed Terence
  2052 | D:3      | Killed Terence
  2052 | D:3      | Reached XP level 4. HP: 12/35 MP: 2/5
  2138 | D:3      | Reached skill level 1 in Armour
  2272 | D:3      | Noticed Ijyb
  2295 | D:3      | Killed Ijyb
  2388 | D:3      | Found a runed translucent door.
  2389 | D:3      | Noticed Crazy Yiuf
  2403 | D:3      | Killed Crazy Yiuf
  2403 | D:3      | Reached XP level 5. HP: 17/40 MP: 3/6
  2777 | D:4      | Noticed a phantom
  2829 | D:4      | Killed a phantom
  2829 | D:4      | Reached skill level 1 in Polearms
  2829 | D:4      | Reached skill level 5 in Bows
  2856 | D:4      | Reached XP level 6. HP: 48/48 MP: 7/7
  3132 | D:5      | Entered Level 5 of the Dungeon
  3150 | D:5      | Found an opulent altar of Gozag.
  3224 | D:5      | Found a staircase to the Ecumenical Temple.
  3256 | Temple   | Entered the Ecumenical Temple
  3633 | Temple   | Became a worshipper of Dithmenos the Shadowed
  3771 | D:5      | Reached skill level 1 in Throwing
  3785 | D:5      | Found a transporter.
  3785 | D:5      | Noticed MalarOregon's ghost (amateur MfSk)
  3810 | D:5      | Found a transporter.
  4228 | D:5      | Reached skill level 6 in Bows
  4303 | D:5      | Killed MalarOregon's ghost
  4303 | D:5      | Reached skill level 1 in Staves
  4303 | D:5      | Reached skill level 7 in Bows
  4303 | D:5      | Reached XP level 7. HP: 40/56 MP: 8/8
  4771 | D:6      | Reached * piety under Dithmenos
  4899 | D:6      | Noticed a shapeshifter
  4899 | D:6      | a scorpion changed into a shapeshifter
  4899 | D:6      | a shapeshifter changed into something unseen
  4906 | D:6      | Noticed a basilisk
  5396 | D:6      | Noticed a jumping spider
  5418 | D:6      | Noticed a queen bee
  5418 | D:6      | a jumping spider changed into a queen bee
  6049 | D:6      | Noticed a salamander
  6053 | D:6      | Noticed a troll
  6053 | D:6      | a salamander changed into a troll
  6069 | D:6      | Noticed an orb spider
  6069 | D:6      | a troll changed into an orb spider
  6373 | D:7      | Reached skill level 8 in Bows
  6434 | D:7      | Reached XP level 8. HP: 63/63 MP: 9/9
  6797 | D:7      | Found a sand-covered staircase.
  6819 | Ossuary  | Entered an ossuary
  6854 | Ossuary  | Reached ** piety under Dithmenos
  7498 | D:7      | Found Vilitef's Gadget Shoppe.
  7503 | D:7      | Bought a wand of paralysis (11) for 130 gold pieces
  7629 | D:7      | Reached skill level 9 in Bows
  7874 | D:8      | Noticed a two-headed ogre
  7904 | D:8      | Noticed Erica
  7908 | D:8      | Found a bloodstained altar of Trog.
  7923 | D:8      | Reached XP level 9. HP: 17/71 MP: 1/10
  8180 | D:8      | Found a stormy altar of Qazlal.
  8226 | D:8      | Reached skill level 1 in Evocations
  8316 | D:8      | Killed a two-headed ogre
  8316 | D:8      | Reached skill level 10 in Bows
  8316 | D:8      | Reached skill level 1 in Stealth
  8457 | D:8      | Reached *** piety under Dithmenos
  8457 | D:8      | Reached skill level 5 in Staves
  8546 | D:8      | Killed from afar by Erica

Skill      XL: |  1  2  3  4  5  6  7  8  9 |
---------------+----------------------------+-----
Bows           | 3 4 5 7 8 9 10 | 10.0
Dodging        | 2 |  2.4
Armour         | 1 2 3 4 |  4.1
Fighting       | 2 3 4 |  4.7
Polearms       | 1 |  1.1
Throwing       | 1 2 |  2.6
Staves         | 1 2 4 5 |  5.0
Hexes          | 3 |  3.0
Evocations     | 1 |  1.7
Stealth        | 1 |  1.4
Maces & Flails | |  0.1
Spellcasting   | |  1.1

Action                   |  1- 3 |  4- 6 |  7- 9 || total
-------------------------+-------+-------+-------++-------
Melee: Whip              |    33 |       |       ||    33
       Kick              |    19 |    19 |    78 ||   116
       Spear             |    64 |    52 |       ||   116
       Quarterstaff      |       |    46 |   261 ||   307
       Staff             |       |       |    32 ||    32
 Fire: Shortbow          |    72 |    85 |   130 ||   287
Throw: Tomahawk          |    10 |     9 |    19 ||    38
       Stone             |       |     4 |    14 ||    18
 Cast: Slow              |     1 |       |       ||     1
       Corona            |     1 |       |       ||     1
 Abil: Evoke Invisibilit |       |     1 |     1 ||     2
Evoke: Wand              |       |     1 |    16 ||    17
  Use: Scroll            |     9 |     5 |    13 ||    27
       Potion            |     3 |     3 |    12 ||    18
 Stab: Paralysed         |       |       |     5 ||     5
  Eat: Chunk             |     2 |       |     3 ||     5
       Ration            |       |     2 |     3 ||     5
Armor: Robe              |    13 |       |       ||    13
       Leather armour    |    24 |       |       ||    24
       Chain mail        |       |    98 |   299 ||   397
Dodge: Dodged            |    69 |    20 |    48 ||   137
